 Dungeon Crawl Stone Soup version 0.29.0-4-gdea44cf6ec (webtiles) character file.

Game seed: 5958500437666584869

7 qw the Sneak (level 2, -7/19 HPs)
             Began as a Gargoyle Delver on Sept 10, 2022.
             Mangled by an ogre
             ... wielding a +0 giant spiked club
              (22 damage)
             ... on level 5 of the Dungeon.
             The game lasted 00:00:05 (492 turns).

qw the Sneak (Gargoyle Delver)                       Turns: 492, Time: 00:00:05

Health: -7/19      AC:  5    Str: 15    XL:     2   Next: 4%
Magic:  2/2        EV: 11    Int: 10    God:
Gold:   0          SH:  0    Dex: 11    Spells: 1/1 levels left

rFire   . . .      SeeInvis .   a - +0 hand axe
rCold   . . .      Faith    .   (no shield)
rNeg    + . .      Spirit   .   b - +0 leather armour
rPois   inf        Reflect  .   (no helmet)
rElec   +          Harm     .   (no cloak)
rCorr   .          Rampage  .   (no gloves)
Will    .....                   (no boots)
Stlth   +++.......              (no amulet)
HPRegen 0.06/turn               (no ring)
MPRegen 0.08/turn               (no ring)

@: no status effects
A: sickness immunity, AC +2, negative energy resistance 1, electricity
resistance, torment resistance 1, petrification resistance
a: no special abilities


You were on level 5 of the Dungeon.
You visited 1 branch of the dungeon, and saw 1 of its levels.


Innate Abilities, Weirdness & Mutations

You are immune to sickness and miasma.
Your stone body is resilient. (AC +2)
You are immune to poison.
You resist negative energy. (rN+)
You are resistant to electric shocks. (rElec)
You are resistant to unholy torment.
You are immune to petrification.


   Skills:
 - Level 3.2 Fighting
 + Level 2.4 Axes
 - Level 1.5 Dodging
 - Level 5.4 Stealth


You had one spell level left.
You didn't know any spells.
Your spell library was empty.

Inventory:

Hand Weapons
 a - a +0 hand axe (weapon)
Armour
 b - a +0 leather armour (worn)
Wands
 g - a wand of digging (3)
Scrolls
 c - a scroll of fog
 d - a scroll of magic mapping
 e - a scroll of fear
 h - a scroll of identify {unknown}
Potions
 f - a potion of haste
 i - a potion of curing {unknown}

Dungeon Overview and Level Annotations

Branches:
Dungeon (5/15)
 Temple: D:4-7

Altars:


Message History

The ufetubus hits you but does no damage.
You hit the ufetubus but do no damage.
The ufetubus is severely wounded.
The ufetubus barely misses you. The ufetubus hits you.
The ufetubus misses you. x2
You hit the ufetubus.
You kill the ufetubus!
Your Axes skill increases to level 2!
You start resting.
HP restored.
Found a book of Unlife.
Found a stone staircase leading down.
Enter note:
Found an escape hatch in the ceiling.
An orc comes into view. It is wielding a +0 mace.
The orc shouts!
The orc curses repeatedly.
You closely miss the orc. The orc hits you with a +0 mace.
You hit the orc.
The orc is moderately wounded.
The orc hits you with a +0 mace.
You closely miss the orc.
The orc is moderately wounded.
The orc hits you with a +0 mace.
You hit the orc.
The orc is heavily wounded.
The orc barely misses you. The orc hits you but does no damage.
You hit the orc.
You kill the orc!
You have reached level 2!
You start resting.
An ogre comes into view. It is wielding a +0 giant spiked club.
You start resting.
An ogre is nearby!
You start resting.
An ogre is nearby!
You hit the ogre.
The ogre is lightly wounded.
The ogre hits you with a +0 giant spiked club!!
Ouch! That really hurt!
You die...

#####.....
.<......##
#........#
#........# #
#......:>##.#
#...........#
#.##.O...#
#.##.@...#
#.##..##.#
#.##.###.#
#........#
#.#####..# #.#
.# #.# # #.#
#######.#####.#


You could see an ogre.

Vanquished Creatures
  An ufetubus (D:5)
  An orc (D:5)
2 creatures vanquished.

Notes
Turn   | Place    | Note
-------+----------+-------------------------------------------
     0 | D:5      | qw the Gargoyle Delver began the quest for the Orb.
     0 | D:5      | Reached XP level 1. HP: 14/14 MP: 1/1
     0 | D:5      | 0 ||| qw: Version: 0.1-a-116-g5d60599
     0 | D:5      | 0 ||| qw: Game counter: 7704
     0 | D:5      | 0 ||| qw: Always use a shield: true
     0 | D:5      | 0 ||| qw: God list: Okawaru
     0 | D:5      | 0 ||| qw: Allow faded altars: false
     0 | D:5      | 0 ||| qw: Do Orc after D:15 true
     0 | D:5      | 0 ||| qw: Do second Lair branch before Depths: true
     0 | D:5      | 0 ||| qw: Lair rune preference: random
     0 | D:5      | 0 ||| qw: Plans: Normal
     0 | D:5      | 0 ||| PLANNING D:1-11
   326 | D:5      | Reached XP level 2. HP: 5/19 MP: 2/2
   468 | D:5      | Noticed an ogre
   492 | D:5      | Mangled by an ogre

Levels and vault maps discovered:
D:5:      layout_loops_ring, chequers_temple_overflow_minitemple,
          gammafunk_ghost_hive

Skill      XL: |  1 |
---------------+----+-----
Axes           | 2 |  2.4
Fighting       | |  3.2
Dodging        | |  1.5
Stealth        | |  5.4

Action                   || total
-------------------------++-------
Melee: Hand axe          ||    12
Armor: Leather armour    ||     4
Dodge: Dodged            ||    13

Table legend:
 A = Non-vault XP
 B = Vault XP
 C = Vault XP percentage of total XP
 D = Non-vault monster count
 E = Vault monster count
 F = Vault count percentage of total count
                 A         B        C        D         E       F
            +---------+---------+-------+---------+---------+-------
      Total |      11 |       0 |   0.0 |       2 |       0 |   0.0
            +---------+---------+-------+---------+---------+-------
        D:5 |      11 |       0 |   0.0 |       2 |       0 |   0.0
            +---------+---------+-------+---------+---------+-------
